 Dungeon Crawl Stone Soup version 0.31-a0-198-g2ad674f65e (webtiles) character file.

Game seed: 16248907798265449725

46 qw the Shooter (level 3, -2/20 HPs)
             Began as a Deep Elf Hunter on June 25, 2023.
             Succumbed to an adder's poison
             ... on level 2 of the Dungeon.
             The game lasted 00:00:19 (892 turns).

qw the Shooter (Deep Elf Hunter)                     Turns: 892, Time: 00:00:19

Health: -2/20      AC:  7    Str: 10    XL:     3   Next: 44%
Magic:  5/5        EV:  9    Int: 13    God:
Gold:   31         SH:  0    Dex: 18    Spells: 2/2 levels left

rFire   . . .        Y - +0 shortbow
rCold   . . .        (shield currently unavailable)
rNeg    . . .        d - +0 scale mail
rPois   .            (no helmet)
rElec   .            f - +0 cloak
rCorr   .            (no gloves)
SInv    .            (no boots)
Will    .....        (no amulet)
Stlth   +            (no ring)
HPRegen 0.23/turn    (no ring)
MPRegen 0.09/turn

%: no passive effects
@: lethally poisoned (-2 -> -10)
A: no striking features
a: no special abilities


You were on level 2 of the Dungeon.
You visited 1 branch of the dungeon, and saw 2 of its levels.

You collected 31 gold pieces.


   Skills:
 - Level 1.5 Fighting
 + Level 7.0 Ranged Weapons
 - Level 2.4 Dodging
 - Level 1.2 Stealth


You had 2 spell levels left.
You didn't know any spells.
Your spell library was empty.

Inventory:

Hand Weapons
 Y - a +0 shortbow (weapon)
Armour
 d - a +0 scale mail (worn)
 f - a +0 cloak (worn)
Potions
 e - a potion of degeneration {unknown}
 g - a potion of lignification {unknown}

Dungeon Overview and Level Annotations

Branches:
Dungeon (2/15)

Altars:


Message History

The adder is heavily wounded.
The adder bites you.
You are poisoned.
The adder poisons you! The hobgoblin barely misses you.
The adder bites you but does no damage.
You shoot an arrow. The arrow completely misses the adder.
You feel very sick. The hobgoblin barely misses you. The adder bites you.
You shoot an arrow.
The arrow hits the adder but does no damage.
The adder is heavily wounded.
You feel sick. The adder bites you but does no damage.
The hobgoblin closely misses you. The adder closely misses you.
The hobgoblin closely misses you.
A kobold comes into view. It is wielding a +0 short sword.
You shoot an arrow. The arrow closely misses the adder.
The kobold shouts!
You feel sick. The adder bites you but does no damage.
A jackal comes into view.
The hobgoblin barely misses you. The adder bites you.
You are more poisoned.
The adder poisons you!
You shoot an arrow. The arrow barely misses the adder.
The jackal barks!
You feel very sick.
You hear a bark! x2
A jackal comes into view.
A giant cockroach comes into view.
The adder completely misses you. The hobgoblin hits you.
The adder barely misses you. The hobgoblin hits you.
The jackal moves out of view.
You shoot an arrow. The arrow barely misses the adder.
You feel sick. The adder misses you. The hobgoblin closely misses you.
The adder barely misses you.
You shoot an arrow. The arrow hits the adder.
The adder is severely wounded.
You feel sick. The hobgoblin closely misses you. The adder bites you.
You are more poisoned.
The adder poisons you!
You shoot an arrow. The arrow closely misses the adder.
You die...

###########
#........<#
#.........#
#.........#
####..#####
#@## #gS..#
#h.......


hB....... .......?. .......... .......... .......#$.. You could see an adder, 2
jackals, a giant cockroach and a hobgoblin.

Vanquished Creatures
  An adder (D:2)
  3 dart slugs
  An endoplasm (D:2)
  2 giant cockroaches (D:1)
  3 hobgoblins (D:1)
  8 jackals (D:1)
  A kobold (D:1)
  2 quokkas (D:1)
  2 ball pythons (D:1)
  2 bats
  A frilled lizard (D:1)
  A goblin (D:1)
  A rat (D:1)
28 creatures vanquished.

Notes
Turn   | Place    | Note
-------+----------+-------------------------------------------
     0 | D:1      | qw the Deep Elf Hunter began the quest for the Orb.
     0 | D:1      | Reached XP level 1. HP: 12/12 MP: 3/3
     0 | D:1      | 0 ||| qw: Version: 0.3-a-22-g0ed2b0b
     0 | D:1      | 0 ||| qw: Game counter: 5467
     0 | D:1      | 0 ||| qw: Melee chars always use a shield: true
     0 | D:1      | 0 ||| qw: God list: Okawaru
     0 | D:1      | 0 ||| qw: Allow faded altars: false
     0 | D:1      | 0 ||| qw: Do Orc after clearing Dungeon:15 true
     0 | D:1      | 0 ||| qw: Do second Lair branch before Depths: true
     0 | D:1      | 0 ||| qw: Lair rune preference: random
     0 | D:1      | 0 ||| qw: Goals: Normal
     0 | D:1      | 0 ||| PLANNING D:1-11
   304 | D:1      | Reached skill level 6 in Ranged Weapons
   304 | D:1      | Reached XP level 2. HP: 16/16 MP: 4/4
   346 | D:1      | HP: 2/16 [quokka (3)]
   557 | D:1      | Reached XP level 3. HP: 18/20 MP: 5/5
   790 | D:1      | 790 ||| UPGRADING to +0 scale mail.
   800 | D:1      | 800 ||| DROPPING +0 leather armour.
   801 | D:1      | 801 ||| UPGRADING to +0 cloak.
   806 | D:1      | 806 ||| DROPPING +0 leather armour of cold resistance.
   807 | D:1      | 807 ||| READING 2 scrolls labelled NEVOUK LIHOCHA.
   808 | D:1      | 808 ||| DROPPING scroll of fear.
   809 | D:1      | 809 ||| DROPPING scroll of butterflies.
   878 | D:2      | Reached skill level 7 in Ranged Weapons
   889 | D:2      | HP: 5/20 [hobgoblin (3)]
   891 | D:2      | HP: 1/20 [adder (2)]
   892 | D:2      | Succumbed to an adder's poison

Levels and vault maps discovered:
D:1:      dpeg_arrival_round_a, layout_loops_ring
D:2:      layout_rooms, basic_altar

Skill      XL: |  1  2  3 |
---------------+----------+-----
Ranged Weapons | 6 7 |  7.0
Fighting       | |  1.5
Dodging        | |  2.4
Stealth        | |  1.2

Action                     || total
---------------------------++-------
   Fire: Shortbow          ||    89
    Use: Scroll            ||     1
 Armour: Leather armour    ||     8
         Scale mail        ||    10
  Dodge: Dodged            ||    36

Table legend:
 A = Non-vault XP
 B = Vault XP
 C = Vault XP percentage of total XP
 D = Non-vault monster count
 E = Vault monster count
 F = Vault count percentage of total count
                 A         B        C        D         E       F
            +---------+---------+-------+---------+---------+-------
      Total |      66 |       0 |   0.0 |      28 |       0 |   0.0
            +---------+---------+-------+---------+---------+-------
        D:1 |      46 |       0 |   0.0 |      24 |       0 |   0.0
        D:2 |      20 |       0 |   0.0 |       4 |       0 |   0.0
            +---------+---------+-------+---------+---------+-------
